 Dungeon Crawl Stone Soup version 0.31.0-7-gf635a9b802 (webtiles) character file.

Game seed: 13859197435249250939

186 monsoonserge the Grasshopper (level 5, -1/60 HPs)
             Began as a Demonspawn Warper on Jan 23, 2024.
             Succumbed to a scorpion's poison
             ... on level 4 of the Dungeon.
             The game lasted 00:06:58 (2428 turns).

monsoonserge the Grasshopper (Demonspawn Warper)    Turns: 2428, Time: 00:06:59

Health: -1/60      AC:  6    Str: 11    XL:     5   Next: 38%
Magic:  8/8        EV: 12    Int: 16    God:
Gold:   143        SH:  0    Dex: 12    Spells: 6/8 levels left

rFire   . . .        a - +0 mace
rCold   . . .        (no shield)
rNeg    . . .        k - +3 robe of Clouds {*Thunder rCloud rElec}
rPois   .            (helmet restricted)
rElec   +            (no cloak)
rCorr   .            f - +0 pair of gloves
SInv    .            (no boots)
Will    +....        (no amulet) Stlth
                     i - ring of willpower
HPRegen 0.30/turn    (no ring)
MPRegen 0.11/turn

%: no passive effects
@: berserking, lethally poisoned (-1 -> -10), very quick
A: antennae 1, claws 1
a: no special abilities


You were on level 4 of the Dungeon.
You visited 1 branch of the dungeon, and saw 4 of its levels.

You collected 143 gold pieces.

Inventory:

Hand Weapons
 a - a +0 mace (weapon)
Missiles
 d - 7 darts of dispersal
 h - 2 boomerangs (quivered)
Armour
 e - a +0 tower shield
 f - a +0 pair of gloves (worn)
 k - the +3 robe of Clouds (worn) {*Thunder rCloud rElec}
   (You found it on level 2 of the Dungeon)

   *Thunder:  It occasionally creates storm clouds above nearby enemies.
   rCloud:    It grants its wearer immunity to clouds.
   rElec:     It insulates you from electricity.
Jewellery
 i - a ring of willpower (left hand)
Scrolls
 c - a scroll of blinking
 j - 5 scrolls of identify {unknown}
 l - a scroll of teleportation {unknown}
 m - a scroll of vulnerability {unknown}


   Skills:
 + Level 2.8 Fighting
 - Level 2.4 Maces & Flails
 - Level 2.0 Throwing
 - Level 1.5 Armour
 + Level 2.6 Dodging
 - Level 1.0 Stealth
 * Level 1.6 Unarmed Combat
 - Level 2.0 Spellcasting
 + Level 3.0 Translocations


You had 6 spell levels left.
You knew the following spells:

 Your Spells              Type           Power      Damage    Failure   Level
a - Blink                 Tloc           22%        N/A       9%          2

Your spell library contained the following spells:

 Spells                   Type           Power      Damage    Failure   Level
 Lesser Beckoning         Tloc           22%        N/A       9%          2
 Teleport Other           Tloc           11%        N/A       19%         3
 Manifold Assault         Tloc           11%        N/A       52%         4
 Vhi's Electric Charge    Tloc/Air       12%        N/A       73%         4
 Animate Armour           Summ/Erth      2%         N/A       90%         4
 Summon Lightning Spire   Summ/Air       1%         N/A       90%         4
 Lee's Rapid Deconstruct  Erth           0%         3d4*      99%         5


Dungeon Overview and Level Annotations

Branches:
Dungeon (4/15)
 Temple: D:4-7

Altars:
Nemelex Xobeh
Sif Muna


Innate Abilities, Weirdness & Mutations

You have a pair of small antennae on your head.
You have sharp fingernails.


Message History

The scorpion poisons you!
You hit the scorpion but do no damage.
The scorpion is heavily wounded.
You feel very sick. The scorpion barely misses you.
The scorpion completely misses you.
You closely miss the scorpion.
The scorpion is heavily wounded.
You feel very sick. The scorpion stings you.
* * * LOW HITPOINT WARNING * * *
It was a potion of berserk rage.
A red film seems to cover your vision as you go berserk!
You feel yourself moving faster!
You feel mighty!
You feel sick. The scorpion completely misses you. The scorpion stings you.
* * * LOW HITPOINT WARNING * * *
You barely miss the scorpion.
The scorpion is heavily wounded.
You feel sick. The scorpion stings you.
* * * LOW HITPOINT WARNING * * *
You are lethally poisoned!
The scorpion poisons you!
You hit the scorpion.
The scorpion is heavily wounded.
* * * LOW HITPOINT WARNING * * *
You feel very sick. The scorpion barely misses you.
You sock the scorpion!
You kill the scorpion!
* * * LOW HITPOINT WARNING * * *
You feel very sick.
Training target 2.0 for Throwing reached!
Your Throwing skill increases to level 2!
Your Unarmed Combat skill increases to level 1!
You have reached level 5!
You hit the orc.
You kill the orc!
* * * LOW HITPOINT WARNING * * *
You feel sick.
Unknown command.
You die...

# ###########.##...
#........@oo...#
#.#########.#### #.# #
#.# #.# #.# #.###
####### ###### #.#.##
#.....#
..<..###....####.....#


You could see 2 orcs.

Vanquished Creatures
  A scorpion (D:4)
  A jelly (D:4)
  Jessica (D:2)
  2 adders (D:3)
  2 ribbon worms
  2 orcs (D:4)
  3 endoplasms
  A giant cockroach (D:1)
  5 goblins
  8 hobgoblins
  2 jackals (D:3)
  4 kobolds
  A quokka (D:1)
  3 ball pythons
  2 bats
  2 frilled lizards
  2 rats
42 creatures vanquished.

Notes
Turn   | Place    | Note
-------+----------+-------------------------------------------
     0 | D:1      | monsoonserge the Demonspawn Warper began the quest for the
                  | Orb.
     0 | D:1      | Reached XP level 1. HP: 16/16 MP: 3/3
   362 | D:1      | Discovered your monstrous ancestry.
   362 | D:1      | Gained mutation: You have a pair of small antennae on your
                  | head. [demonic ancestry]
   362 | D:1      | Reached XP level 2. HP: 12/22 MP: 5/5
   606 | D:1      | Reached skill level 1 in Armour
   627 | D:1      | Learned a level 2 spell: Blink
  1088 | D:2      | Reached skill level 3 in Translocations
  1137 | D:2      | Noticed Jessica
  1137 | D:2      | Found the +3 robe of Clouds {*Thunder rCloud rElec}
  1154 | D:2      | Killed Jessica
  1155 | D:2      | Reached skill level 1 in Throwing
  1155 | D:2      | Reached XP level 3. HP: 28/28 MP: 6/6
  1721 | D:3      | Gained mutation: You have sharp fingernails. [demonic
                  | ancestry]
  1721 | D:3      | Reached XP level 4. HP: 34/34 MP: 7/7
  1829 | D:3      | Found a shimmering blue altar of Sif Muna.
  1977 | D:3      | Reached skill level 1 in Stealth
  2172 | D:3      | Found a sparkling altar of Nemelex Xobeh.
  2404 | D:4      | Noticed a scorpion
  2426 | D:4      | Killed a scorpion
  2426 | D:4      | HP: 2/51 [poisoned by a scorpion]
  2427 | D:4      | Reached skill level 1 in Unarmed Combat
  2427 | D:4      | Reached XP level 5. HP: 3/40 MP: 8/8
  2428 | D:4      | Succumbed to a scorpion's poison

Illustrated notes

Levels and vault maps discovered:
D:1:      elethiomel_arrival_infinity_welcomes_careful_drivers, layout_basic,
          corexii_item_surrounded_by_moat
D:2:      layout_basic, uniq_jessica
D:3:      layout_basic, nemelex_xobeh_ov_fountains_minmay,
          mainiacjoe_overflow_six_doors_small
D:4:      layout_loops_cross, nicolae_ru_awakened_eye, grunt_qazlal_clouds,
          temple_statues, serial_shops, shop, minmay_misc_feat_cross,
          uniq_crazy_yiuf_cottage, uniq_ijyb, uniq_edmund

Skill      XL: |  1  2  3  4 |
---------------+-------------+-----
Armour         | 1 |  1.5
Maces & Flails | 2 |  2.4
Dodging        | 2 |  2.6
Translocations | 3 |  3.0
Throwing       | 1 2 |  2.0
Stealth        | 1 |  1.0
Unarmed Combat | 1 |  1.6
Fighting       | |  2.8
Spellcasting   | |  2.0

Action                     |  1- 3 |  4- 6 || total
---------------------------+-------+-------++-------
  Melee: Mace              |    83 |    39 ||   122
  Throw: Boomerang         |    29 |       ||    29
    Use: Potion            |       |     2 ||     2
   Stab: Sleeping          |     2 |     2 ||     4
 Armour: Leather armour    |    47 |       ||    47
         Robe              |     4 |    28 ||    32
  Dodge: Dodged            |    63 |    27 ||    90
